 Dungeon Crawl Stone Soup version 0.21-a0-156-g77413b7 (webtiles) character file.

578 Runrabbit the Slasher (level 7, 0/72 HPs)
             Began as an Octopode Fighter on Aug 3, 2017.
             Killed from afar by a white imp (1 damage)
             ... with a puff of frost
             ... summoned by Tungsten's ghost
             ... on level 5 of the Dungeon.
             The game lasted 00:10:48 (6593 turns).

Runrabbit the Slasher (Octopode Fighter)            Turns: 6593, Time: 00:10:49

Health: 0/72       AC: 23    Str: 16    XL:     7   Next: 36%
Magic:  7/7        EV:  2    Int: 12    God:
Gold:   257        SH: 10    Dex: 13    Spells: 6/6 levels left

rFire    + + .     SeeInvis .   a - +0 long sword
rCold    . . .     Gourm    .   b - +1 shield
rNeg     + + +     Faith    .   (helmet currently unavailable)
rPois    +         Spirit   .   (no amulet)
rElec    +         Reflect  .   v - ring of positive energy
rCorr    +         Harm     .   k - ring of fire
MR       .....     Clarity  +   (no ring) Stlth +.........NoTele +
                                (no ring)
HPRegen  0.22/turn              (no ring)
MPRegen  0.10/turn              (no ring)
                                (no ring)
                                (no ring)

@: lethally poisoned (0 -> -20), tree-form (expiring), resistant
A: almost no armour, stealthy swim, (amphibious), 8 rings, (constrict 8),
clarity, clever 1
a: no special abilities


You were on level 5 of the Dungeon.
You were hungry.
You were a tree.
You visited 1 branch of the dungeon, and saw 5 of its levels.

You collected 257 gold pieces.

Inventory:

Hand Weapons
 a - a +0 long sword (weapon)
 A - a +0 blowgun
Missiles
 f - 168 stones (quivered)
 g - 42 poisoned needles
 h - 22 sling bullets
 t - 11 tomahawks
 y - a throwing net
Armour
 b - a +1 shield (worn)
Jewellery
 k - a ring of fire (right branch)
 v - a ring of positive energy (left branch)
Wands
 z - a wand of flame (0/48)
Scrolls
 c - a scroll of enchant armour
 e - a scroll of immolation {unknown}
 j - a scroll of blinking {unknown}
 q - 2 scrolls of amnesia {unknown}
 r - 3 scrolls of remove curse
 s - a scroll of teleportation {unknown}
 u - 2 scrolls of identify
 w - 3 scrolls of recharging {unknown}
Potions
 i - a potion of lignification
 l - a potion of brilliance
Comestibles
 d - 3 bread rations
 m - 3 meat rations
 x - 2 fruits


   Skills:
 + Level 4.2 Fighting
 * Level 6.0 Long Blades
 - Level 3.0 Dodging
 + Level 5.0 Shields


You had 6 spell levels left.
You didn't know any spells.

Dungeon Overview and Level Annotations

Branches:
Dungeon (5/15)
 Temple: D:4-7

Altars:
Dithmenos
Makhleb
Nemelex Xobeh
Vehumet

Annotations:
D:5 Tungsten's ghost, novice DrSu


Innate Abilities, Weirdness & Mutations

You cannot wear most types of armour.
You are very stealthy in the water. (Stealth+)
((You are amphibious.))
You can wear up to eight rings at the same time.
((You can use your tentacles to constrict eight enemies at once.))
((Your skin changes colour to match your surroundings (Stealth+).))
((Your rubbery body absorbs attacks. (AC +1, EV +1)))
You possess an exceptional clarity of mind.
Your mind is acute. (Int +2)


Message History

The white imp gestures at you. The puff of frost hits you!
Tungsten's ghost hits you but does no damage.
You slash Tungsten's ghost!
Tungsten's ghost is heavily damaged.
* * * LOW HITPOINT WARNING * * *
You feel sick. The white imp gestures at you. The puff of frost hits you!
* * * LOW HITPOINT WARNING * * *
The shadow imp spits at you.
Tungsten's ghost hits you but does no damage.
You are more poisoned.
You feel extremely strange.
You feel clever.
Your thoughts seem clearer.
* * * LOW HITPOINT WARNING * * *
You feel sick. The white imp gestures at you. The puff of frost hits you!
You die...

. #. . #. #.### .
#...## ... ###..#
...rS######.#####+++# #
....brW♣5...........#..
...##########...#......
####........##
########...<>.###...#
.............^.......
#####....###.##..#.#
####............
###..........
#.(.......#


You could see Tungsten's ghost, an adder, a river rat, a white imp, a bat and a
rat.

Vanquished Creatures
  The ghost of TotoDurand the Firebug, an amateur DrFE (D:3)
  A centaur (D:5)
  A scorpion (D:4)
  A crimson imp (D:4)
  2 hounds
  A jelly (D:3)
  An orc priest (D:3)
  5 gnolls
  9 adders
  2 worms (D:2)
  A dart slug (D:1)
  4 leopard geckos
  3 orcs (D:2)
  3 giant cockroaches
  8 goblins
  11 hobgoblins
  2 jackals (D:1)
  A quokka (D:3)
  12 bats
  7 frilled lizards
  8 kobolds
  9 rats
93 creatures vanquished.

Notes
Turn   | Place    | Note
-------+----------+-------------------------------------------
     0 | D:1      | Runrabbit the Octopode Fighter began the quest for the Orb.
     0 | D:1      | Reached XP level 1. HP: 16/16 MP: 1/1
   371 | D:1      | Reached XP level 2. HP: 21/21 MP: 2/2
  1000 | D:1      | Reached skill level 3 in Long Blades
  1000 | D:1      | Reached XP level 3. HP: 23/26 MP: 3/3
  1781 | D:2      | Found a shadowy altar of Dithmenos.
  1947 | D:2      | Reached XP level 4. HP: 9/31 MP: 4/4
  3045 | D:3      | Noticed TotoDurand's ghost (amateur DrFE)
  3048 | D:3      | Reached skill level 4 in Long Blades
  3419 | D:3      | Killed TotoDurand's ghost
  3419 | D:3      | Reached XP level 5. HP: 10/36 MP: 5/5
  4083 | D:2      | Reached XP level 6. HP: 31/42 MP: 6/6
  4292 | D:3      | Found a sparkling altar of Nemelex Xobeh.
  4744 | D:3      | Reached skill level 5 in Long Blades
  5469 | D:4      | Noticed a phantom
  6052 | D:4      | Found a burning altar of Makhleb.
  6053 | D:4      | Found a radiant altar of Vehumet.
  6056 | D:4      | Reached XP level 7. HP: 45/48 MP: 7/7
  6213 | D:5      | Entered Level 5 of the Dungeon
  6245 | D:5      | Reached skill level 6 in Long Blades
  6381 | D:5      | Reached skill level 5 in Shields
  6555 | D:5      | Noticed Tungsten's ghost (novice DrSu)
  6592 | D:5      | HP: 3/72 [white imp/puff of frost[Tungsten's ghost] (2)]
  6593 | D:5      | Gained mutation: Your mind is acute. (Int +2) [potion of mutation]
  6593 | D:5      | Gained mutation: You possess an exceptional clarity of mind. [potion of mutation]
  6593 | D:5      | HP: 1/72 [poisoned by Tungsten's ghost]
  6593 | D:5      | Killed from afar by a white imp

Vault maps used:
D:1:      dpeg_arrival_renting, grunt_decor_fettered
D:2:      cheibrodos_old_hovel, grunt_dithmenos_smoke_and_mirrors
D:3:      nemelex_altar_shiori, first_bread, minmay_misc_feat_encased
D:4:      grunt_temple_overflow_lords_of_destruction, minmay_misc_feat_cross
D:5:      kennysheep_ying_yang, kennysheep_vampire_church, lemuel_angel_altar,
          uniq_pikel, uniq_menkaure, uniq_duvessa

Skill      XL: |  1  2  3  4  5  6  7 |
---------------+----------------------+-----
Long Blades    | 3 4 5 6 |  6.0
Shields        | 4 5 |  5.0
Fighting       | 4 |  4.2
Dodging        | |  3.0

Action                   |  1- 3 |  4- 6 |  7- 9 || total
-------------------------+-------+-------+-------++-------
Melee: Long sword        |    65 |   131 |    49 ||   245
       Constrict         |    20 |    35 |     5 ||    60
       Tentacles         |    14 |    25 |     4 ||    43
  Use: Scroll            |     4 |     4 |       ||     8
       Potion            |       |     2 |     4 ||     6
 Stab: Sleeping          |     6 |     6 |       ||    12
  Eat: Chunk             |     3 |     9 |     1 ||    13
       Bread ration      |       |     1 |       ||     1
Armor: Skin              |     9 |     9 |    31 ||    49
Dodge: Dodged            |    29 |    59 |    10 ||    98
Block: Shield            |    23 |    80 |    35 ||   138
       Rpst.: Long sword |    12 |    19 |     3 ||    34
